 Dungeon Crawl Stone Soup version 0.30-a0-930-gb9d0489357 (webtiles) character file.

Game seed: 1142789157509124966

84 lunkers the Slasher (level 5, 0/41 HPs)
             Began as a Meteoran Reaver on Mar 23, 2023.
             Was a Follower of Elyvilon.
             Slain by an orc
             ... wielding a +0 club
              (2 damage)
             ... on level 3 of the Dungeon.
             The game lasted 00:03:01 (720 turns).

lunkers the Slasher (Meteoran Reaver)                Turns: 720, Time: 00:03:02

Health: 0/41       AC:  3    Str: 13    XL:     5   Next: 3%
Magic:  10/10      EV: 12    Int: 15    God:    Elyvilon [*.....]
Gold:   45         SH:  0    Dex: 14    Spells: 8/9 levels left

rFire   . . .      SeeInvis .    c - +0 dagger (venom)
rCold   . . .      Faith    .    (no shield)
rNeg    . . .      Spirit   .    g - +0 leather armour
rPois   .          Reflect  .    (no helmet)
rElec   .          Rampage  .    (no cloak)
rCorr   .                        (no gloves)
Will    .....                    (no boots)
Stlth   +                        (no amulet)
HPRegen 0.26/turn                (no ring)
MPRegen 0.12/turn                (no ring)

@: glowing
A: sense surroundings 1, otherworldly, glowing, explore regen
a: Renounce Religion, Purification


You were on level 3 of the Dungeon.
You worshipped Elyvilon.
Elyvilon was aware of your devotion.
You visited 1 branch of the dungeon, and saw 3 of its levels.

You collected 45 gold pieces.

Inventory:

Hand Weapons
 a - a +0 falchion
 b - a +1 vampiric short sword
 c - a +0 dagger of venom (weapon)
Armour
 g - a +0 leather armour (worn)
Jewellery
 f - a ring of ice
Potions
 d - 2 potions of attraction
 e - 2 potions of flight
 i - a potion of heal wounds


   Skills:
 - Level 2.1 Fighting
 + Level 1.5(3.7) Short Blades
 - Level 5.8(6.0) Long Blades
 - Level 2.4 Dodging
 - Level 2.6 Spellcasting
 - Level 3.6 Conjurations


You had 8 spell levels left.
You knew the following spells:

 Your Spells              Type           Power      Damage    Failure   Level
p - Kiss of Death         Conj/Necr      28%        2d7       13%         1

Your spell library contained the following spells:

 Spells                   Type           Power      Damage    Failure   Level
 Momentum Strike          Conj/Tloc      14%        3d8       19%         2
 Hailstorm                Conj/Ice       7%         3d4       36%         3


Dungeon Overview and Level Annotations

Branches:
Dungeon (3/15) Zot: 1082

Altars:
Elyvilon
The Shining One


Innate Abilities, Weirdness & Mutations

You passively map a small area around you.
You are easily found by Zot.
You glow in the dark.
You regain HP and MP as you explore.


Message History

c - a +0 dagger of venom (weapon)
Adjust (i)tems, (s)pells, or (a)bilities?
Okay, then.
You hear some strange, mumbled words.
You are confused.
Something tries to affect you, but you resist.
You see here 15 gold pieces.
Something hits you.
* * * LOW HITPOINT WARNING * * *
You miss something.
You hear some strange, mumbled words.
Something tries to affect you, but you resist.
Unknown command.
You hit the orc.
The orc is heavily wounded.
Something hits you.
* * * LOW HITPOINT WARNING * * *
The orc hits you with a +0 club.
* * * LOW HITPOINT WARNING * * *
Unknown command.
You're too confused to move!
Something hits you.
* * * LOW HITPOINT WARNING * * *
The orc completely misses you. The orc hits you with a +0 club.
* * * LOW HITPOINT WARNING * * *
Unknown command.
You completely miss something.
You feel less confused. Something hits you but does no damage.
The orc hits you with a +0 club.
* * * LOW HITPOINT WARNING * * *
Unknown command.
You hit something but do no damage.
Unknown command.
You hit something but do no damage. Something barely misses you.
The orc hits you with a +0 club.
* * * LOW HITPOINT WARNING * * *
You miss something. Something hits you.
* * * LOW HITPOINT WARNING * * *
The orc hits you with a +0 club.
You die...

,, , > ..# * , *,
#.. ..# *### * ,
##.# #.. ..# ## *
... #.# *#.# *
...##* #.#*##.# #.#
....###.###..# #.#
** #.....{.).#<.#
##.##### ,
#.o@†.#..####..#....
*
#...$.....†..#......
*,*
#.....#....#..##....
#.....#..#.#..######
#######.......# ,,
###..##.# * *
*#..##.# ,, ,
.....#.# , ,
##.....#


You could see an orc.

Vanquished Creatures
  An orc priest (D:3)
  An adder (D:2)
  2 dart slugs (D:1)
  An orc (D:3)
  2 bats (D:3)
  4 endoplasms
  A giant cockroach (D:1)
  3 goblins (D:2)
  6 hobgoblins
  2 jackals (D:2)
  3 quokkas
  3 ball pythons
  2 frilled lizards
  A kobold (D:1)
  7 rats
39 creatures vanquished.

Notes
Turn   | Place    | Note
-------+----------+-------------------------------------------
     0 | D:1      | lunkers the Meteoran Reaver began the quest for the Orb.
     0 | D:1      | Reached XP level 1. HP: 17/17 MP: 5/5
    39 | D:1      | Reached skill level 4 in Long Blades
    39 | D:1      | Reached XP level 2. HP: 14/24 MP: 6/6
   191 | D:1      | Reached XP level 3. HP: 27/29 MP: 8/8
   415 | D:2      | Reached skill level 1 in Short Blades
   422 | D:2      | HP: 1/29 [goblin/sling bullet (5)]
   423 | D:2      | Found a glowing golden altar of the Shining One.
   441 | D:2      | Found a faded altar of an unknown god.
   462 | D:2      | Prayed at the altar of an unknown god.
   462 | D:2      | Became a worshipper of Elyvilon the Healer
   462 | D:2      | Reached * piety under Elyvilon
   566 | D:2      | Reached skill level 5 in Long Blades
   566 | D:2      | Reached XP level 4. HP: 35/36 MP: 9/9
   702 | D:3      | Reached XP level 5. HP: 16/41 MP: 10/10
   720 | D:3      | HP: 2/41 [something (2)]
   720 | D:3      | Slain by an orc

Illustrated notes

Levels and vault maps discovered:
D:1:      denvon_arrival_waterhouse, layout_loops_cross
D:2:      layout_rooms, basic_altar, basic_ecumenical_altar,
          chequers_serial_rivers_micro_b, uniq_crazy_yiuf_cottage
D:3:      layout_loops_cross, nicolae_overflow_hidden_temple, uniq_robin

Skill      XL: |  1  2  3 |
---------------+----------+-----
Long Blades    | 4 5 |  5.8
Short Blades   | 1 |  1.5
Fighting       | |  2.1
Dodging        | |  2.4
Spellcasting   | |  2.6
Conjurations   | |  3.6

Action                     |  1- 3 |  4- 6 || total
---------------------------+-------+-------++-------
  Melee: Falchion          |    56 |    41 ||    97
         Punch             |     2 |       ||     2
         Short sword       |    52 |       ||    52
         Dagger            |       |     6 ||     6
    Use: Scroll            |     3 |     2 ||     5
 Armour: Leather armour    |    19 |    14 ||    33
  Dodge: Dodged            |    68 |    35 ||   103

Table legend: (Time is in decaauts)
 A = Elapsed time spent in this place.
 B = Non-inter-level travel time spent in this place.
 C = Inter-level travel time spent in this place.
 D = Time resting spent in this place.
 E = Time spent auto-exploring this place.
 F = Levels seen in this place.
 G = Mean time per level.
                   A        B        C        D        E       F      G
               +--------+--------+--------+--------+--------+-----+--------+
         Total |    717 |    650 |     67 |      0 |    341 |   3 |  239.0 |
       Dungeon |    717 |    650 |     67 |      0 |    341 |   3 |  239.0 |
               +--------+--------+--------+--------+--------+-----+--------+

Top non-repeatable levels by time:
     D:1: 400 daAuts
     D:2: 250 daAuts
     D:3: 66 daAuts
